 Dungeon Crawl Stone Soup version 0.31.0-11-ge490571c62 (webtiles) character file.

Game seed: 2201323281507555225

62524 experimilk the Brawler (level 14, 0/153 HPs)
             Began as a Troll Gladiator on Jan 28, 2024.
             Was a High Priest of Qazlal.
             Slain by an orc knight
             ... wielding a +2 great mace
              (20 damage)
             ... on level 2 of the Orcish Mines.
             The game lasted 00:52:05 (20987 turns).

experimilk the Brawler (Troll Gladiator)           Turns: 20987, Time: 00:52:06

Health: 0/153      AC: 12    Str: 29    XL:     14   Next: 64%
Magic:  9/20       EV:  9    Int:  4    God:    Qazlal [*****.]
Gold:   2436       SH:  7    Dex: 11    Spells: 13/13 levels left

rFire   . .          .
                       - Unarmed
rCold   . . .        (no shield)
rNeg    . . .        J - +0 acid dragon scales
rPois   .            Z - +0 hat {SInv}
rElec   .            C - +0 cloak
rCorr   +            (gloves unavailable)
SInv    +            (boots unavailable)
Will    +....        (no amulet)
Stlth   +            w - ring of flight
HPRegen 1.25/turn    (no ring)
MPRegen 0.17/turn

%: repel missiles
@: about to teleport, protected from physical damage, flying, studying Polearms
A: large, unfitting armour, claws 3, regeneration 1, shaggy fur 1, tough skin 1
a: Renounce Religion, Upheaval, Elemental Force, Disaster Area


You were on level 2 of the Orcish Mines.
You worshipped Qazlal.
Qazlal was extremely pleased with you.
You visited 4 branches of the dungeon, and saw 19 of its levels.
You also visited: Bailey.

You collected 2436 gold pieces.

Inventory:

Missiles
 a - 8 poisoned darts
 c - 15 boomerangs
 q - a throwing net
 z - a large rock (quivered)
Armour
 C - a +0 cloak (worn)
 J - +0 acid dragon scales (worn)
 Z - a +0 hat of see invisible (worn)
Jewellery
 b - a ring of protection from fire
 o - the ring of the Final Decision {Fire rElec SInv}
   (You found it on level 11 of the Dungeon)

   [ring of fire]

   Fire:      It enhances your fire magic.
   rF+:       It protects you from fire.
   rC-:       It makes you vulnerable to cold.
   rElec:     It insulates you from electricity.
   SInv:      It lets you see invisible.
 t - a ring of willpower
 w - a ring of flight (left claw)
 S - a ring of resist corrosion
 V - the ring "Oluni" {+Blink MP+9}
   (You found it on level 4 of the Lair of Beasts)

   [ring of magical power]

   MP+9:      It affects your magic capacity (+9).
   +Blink:    It lets you blink.
 X - a ring of fire
Wands
 e - a wand of mindburst (5)
 v - a wand of flame (108)
 x - a wand of charming (15)
 B - a wand of light (10)
 D - a wand of iceblast (22)
 L - a wand of polymorph (9)
Scrolls
 d - 2 scrolls of revelation
 i - a scroll of enchant weapon
 k - 3 scrolls of enchant armour
 l - a scroll of brand weapon {unknown}
 m - 2 scrolls of vulnerability
 r - 2 scrolls of noise
 s - 4 scrolls of teleportation
 y - a scroll of acquirement {unknown}
 H - 3 scrolls of amnesia
 I - a scroll of summoning
 K - 2 scrolls of blinking
 N - 3 scrolls of fear
 T - a scroll of torment {unknown}
Potions
 f - 5 potions of curing
 g - 3 potions of ambrosia
 h - 4 potions of attraction
 j - 2 potions of brilliance
 n - 4 potions of enlightenment
 p - 3 potions of haste
 u - 2 potions of mutation
 A - 2 potions of heal wounds
 F - a potion of magic
 M - a potion of berserk rage
 O - 3 potions of might
 P - a potion of cancellation
 Y - a potion of lignification


   Skills:
 * Level 13.6 Fighting
 - Level 10.0 Throwing
 - Level 2.4 Dodging
 - Level 15.0 Unarmed Combat
 - Level 10.0 Invocations


You had 13 spell levels left.
You didn't know any spells.
Your spell library contained the following spells:

 Spells                   Type           Power      Damage    Failure   Level
 Necrotise                Necr           0%         1d4       56%         1
 Ensorcelled Hibernation  Hex/Ice        0%         N/A       71%         2
 Static Discharge         Conj/Air       0%         3-3/arc   71%         2
 Dazzling Flash           Conj/Hex       0%         N/A       90%         3
 Fugue of the Fallen      Necr           0%         N/A       90%         3
 Mephitic Cloud           Conj/Alch/Air  0%         N/A       90%         3
 Airstrike                Air            0%         2d(0-16)  100%        4
 Anguish                  Hex/Necr       0%         N/A       100%        4
 Animate Dead             Necr           0%         N/A       100%        4
 Dispel Undead            Necr           0%         3d6       100%        4
 Summon Lightning Spire   Summ/Air       0%         N/A       100%        4
 Curse of Agony           Necr           0%         N/A       100%        5
 Iskenderun's Battlesphe  Conj           0%         2d6       100%        5
 Silence                  Hex/Air        0%         N/A       100%        5
 Bombard                  Conj/Erth      0%         9d1       100%        6
 Haunt                    Necr/Summ      0%         N/A       100%        7
 Spellforged Servitor     Conj/Summ      0%         N/A       100%        7
 Infestation              Necr           0%         N/A       100%        8


Dungeon Overview and Level Annotations

Branches:
Dungeon (11/15)            Temple (1/1) D:4            Lair (5/5) D:8
  Swamp (0/4) Lair:3        Snake (0/4) Lair:2        Slime (0/5) Lair:4
    Orc (2/2) D:11            Elf (0/3) Orc:2        Bailey (visited)

Altars:
Ashenzari
Cheibriados
Dithmenos
Elyvilon
Fedhas
Gozag
Hepliaklqana
Kikubaaqudgha
Makhleb
Nemelex Xobeh
Okawaru
Qazlal
Ru
Sif Muna
Trog
Uskayaw
Vehumet
Wu Jian
Xom
Yredelemnul
Zin
The Shining One

Shops:
D:8 [   Orc:1 [


Innate Abilities, Weirdness & Mutations

You are too large for most types of armour.
You have claws for hands.
Your natural rate of healing is unusually fast.
You are covered in fur. (AC +1)
You have tough skin. (AC +1)


Message History

You mangle the orc knight!!
The orc knight is almost dead.
Your fire elemental barely misses the orc knight.
The orc warrior closely misses you.
The orc knight hits you with a +2 great mace!!
The orc knight is engulfed in blazing flames.
The orc knight shoots a bolt.
You block the bolt.
As you read the scroll of teleportation, it crumbles to dust.
You feel strangely unstable.
Your fire elemental disappears in a puff of smoke!
Your earth elemental disappears in a puff of smoke!
The orc warrior hits you but does no damage.
The orc knight hits you with a +2 great mace!!
The orc knight is engulfed in blazing flames.
Activating: Disaster Area (6% risk of failure)
Press: ? - help, Dir - look around, f - activate Nature churns violently around you!
You hear a sizzling sound!
The blast of rubble hits the orc knight!
The orc knight is heavily wounded.
The blast of rubble hits the orc!!!
You kill the orc!
Qazlal accepts your kill.
The orc knight no longer looks unusually strong.
You block the orc warrior's attack.
The orc knight hits you with a +2 great mace!
* * * LOW HITPOINT WARNING * * *
The orc knight shoots a bolt.
The bolt barely misses you.
Unknown command.
Unknown command.
You scratch the orc knight but do no damage.
You claw the orc knight, but do no damage.
The orc knight is almost dead.
The orc warrior hits you with a +0 trident!
* * * LOW HITPOINT WARNING * * *
The orc knight hits you with a +2 great mace!
* * * LOW HITPOINT WARNING * * *
You block the orc warrior's attack.
The orc knight hits you with a +2 great mace!!
You die...

.......≈≈............#
.........≈...........#
.#.....≈............#
#..................#
#......≈.≈.........#
#....§..○.........##
#...(○.°...........#
#....o.○°..........# ##
###.°oo@...........# ...
.....°.☼°...........# ...
........).)........## ...
....≈≈..............# ...
...........$........# .....
......≈.............# ......
....................# .......
...................#
...........................##


You could see 2 orc knights and an orc warrior (strong).

Vanquished Creatures
  Gastronok (Orc:1)
  An ettin (D:11)
  A fire dragon (Lair:5)
  The ghost of TheBioAlchemist the Cleaver, a journeyman FoFi (D:11)
  2 hydras
  A two-headed ogre (D:10)
  An orc high priest (Orc:1)
  2 skysharks
  A swamp dragon (Lair:5)
  3 orc knights
  Pikel (D:5)
  2 orc sorcerers
  An ugly thing (D:11)
  2 wolf spiders (Lair:5)
  Maurice (Orc:1)
  26 elephants
  A kobold blastminer (Orc:1)
  A guardian serpent (Lair:5)
  10 black mambas
  Maggie (D:8)
  An unseen horror (D:11)
  14 cane toads
  Jeremiah (D:8)
  3 rime drakes
  11 komodo dragons
  Psyche (D:8)
  2 hornets (Lair:5)
  3 polar bears
  5 trolls
  15 blink frogs
  3 slime creatures (D:10)
  Sigmund (D:5)
  A shadow (D:11)
  12 wyverns
  A centaur simulacrum (D:11)
  52 yaks
  6 humans
  4 basilisks
  2 wargs (Orc:2)
  3 steam dragons
  5 acid dragons
  23 water moccasins
  3 swamp drakes (Lair:5)
  4 ice beasts
  17 orc warriors
  4 black bears
  6 ogres
  2 centaurs
  A lemure (D:5)
  A phantom (D:6)
  4 necrophages (Lair:3)
  11 bullfrogs
  4 scorpions (D:5)
  7 wights
  3 jellies (D:5)
  10 killer bees
  4 howler monkeys (D:7)
  5 bombardier beetles
  3 hounds
  A gnoll bouda (D:5)
  17 orc priests
  7 iguanas
  21 orc wizards
  3 hell rats (Lair:5)
  8 ogre zombies (D:11)
  6 gnolls
  5 adders
  4 white imps
  2 ufetubi (D:7)
  2 ribbon worms
  3 dart slugs
  60 orcs
  5 ball pythons
  6 endoplasms
  4 giant cockroaches (D:1)
  6 gnoll zombies (D:11)
  12 goblins
  10 hobgoblins
  2 jackals (D:1)
  3 quokkas
  10 bats
  3 frilled lizards (D:2)
  4 gnoll skeletons (D:11)
  20 kobolds
  15 orc zombies (D:11)
  3 rats (D:1)
560 creatures vanquished.

Vanquished Creatures (collateral kills)
  A hydra (Lair:3)
  An orc high priest (Orc:2)
  An orc knight (Orc:2)
  A black mamba (Lair:5)
  A komodo dragon (Lair:3)
  2 blink frogs (Lair:3)
  A wyvern (Lair:5)
  A yak (Lair:3)
  A water moccasin (Lair:5)
  A bullfrog (Lair:3)
  An orc priest (Orc:2)
  2 hell rats (Lair:5)
  An orc (Orc:2)
15 creatures vanquished.

Vanquished Creatures (others)
  An arcanist (D:6)
  An orc (D:8)
2 creatures vanquished.

Grand Total: 577 creatures vanquished

Notes
Turn   | Place    | Note
-------+----------+-------------------------------------------
     0 | D:1      | experimilk the Troll Gladiator began the quest for the Orb.
     0 | D:1      | Reached XP level 1. HP: 19/19 MP: 0/0
    50 | D:1      | Reached XP level 2. HP: 27/27 MP: 1/1
   172 | D:1      | Reached skill level 4 in Unarmed Combat
   247 | D:1      | Reached XP level 3. HP: 33/33 MP: 2/2
  1495 | D:3      | Found a faded altar of an unknown god.
  1506 | D:3      | Found a glowing golden altar of the Shining One.
  1594 | D:3      | Reached skill level 5 in Unarmed Combat
  1594 | D:3      | Reached XP level 4. HP: 40/41 MP: 3/3
  1811 | D:3      | Got Jutu's Vademecum on Decaying Production
  2092 | D:4      | Found a radiant altar of Vehumet.
  2151 | D:4      | Found a staircase to the Ecumenical Temple.
  2166 | Temple   | Entered the Ecumenical Temple
  2176 | Temple   | Became a worshipper of Qazlal Stormbringer
  2233 | D:4      | Reached XP level 5. HP: 48/48 MP: 4/4
  2240 | D:4      | Noticed an ogre
  2273 | D:3      | Reached skill level 6 in Unarmed Combat
  2382 | D:3      | Killed an ogre
  2716 | D:4      | Reached XP level 6. HP: 55/55 MP: 5/5
  2853 | D:5      | Entered Level 5 of the Dungeon
  2860 | D:5      | Noticed Sigmund
  2888 | D:5      | Reached skill level 7 in Unarmed Combat
  3179 | D:5      | Found a glowing silver altar of Zin.
  3233 | D:5      | Noticed Pikel
  3239 | D:5      | Killed Pikel
  3240 | D:5      | Reached skill level 9 in Unarmed Combat
  3240 | D:5      | Reached XP level 7. HP: 59/62 MP: 6/6
  3295 | D:5      | Reached * piety under Qazlal
  3325 | D:5      | Reached XP level 8. HP: 70/70 MP: 7/7
  3338 | D:5      | Reached skill level 10 in Unarmed Combat
  3969 | D:5      | Found an ornate altar of the Wu Jian Council.
  3981 | D:5      | Killed Sigmund
  4166 | D:6      | Reached skill level 5 in Fighting
  4776 | D:5      | Reached XP level 9. HP: 66/89 MP: 8/8
  6562 | D:6      | Found a bloodstained altar of Trog.
  6564 | D:6      | Noticed a wizard
  6568 | D:6      | Killed a wizard
  6863 | D:7      | Found a shimmering blue altar of Sif Muna.
  7146 | D:7      | Reached ** piety under Qazlal
  7210 | D:7      | Reached XP level 10. HP: 106/107 MP: 9/9
  7307 | D:7      | You are sucked into a shaft and drop 3 floors!
  7307 | D:10     | Entered Level 10 of the Dungeon
  7364 | D:10     | Noticed a two-headed ogre
  7379 | D:10     | Killed a two-headed ogre
  7380 | D:10     | Reached skill level 10 in Fighting
  7895 | D:9      | Found a flagged portal.
  7904 | Bailey   | Entered a bailey
  7996 | Bailey   | Reached skill level 5 in Throwing
  8184 | Bailey   | Reached *** piety under Qazlal
  8936 | D:8      | Noticed Psyche
  9217 | D:8      | Killed Psyche
  9542 | D:8      | Found Zifruniyl's Antique Armour Shop.
  9581 | D:8      | Noticed Jeremiah
  9608 | D:8      | Killed Jeremiah
  9763 | D:8      | Reached XP level 11. HP: 99/114 MP: 10/10
  9942 | D:8      | Found a staircase to the Lair.
 10564 | D:8      | Found a burning altar of Makhleb.
 10669 | D:8      | Found a basalt altar of Yredelemnul.
 10787 | D:8      | Reached **** piety under Qazlal
 10850 | D:8      | Noticed Maggie
 10863 | D:8      | Killed Maggie
 11271 | D:10     | Found a blossoming altar of Fedhas.
 11562 | Lair:1   | Entered Level 1 of the Lair of Beasts
 11576 | Lair:1   | Found an opulent altar of Gozag.
 11684 | Lair:1   | Reached skill level 10 in Throwing
 11690 | Lair:1   | Reached skill level 1 in Invocations
 12119 | Lair:1   | Noticed a skyshark
 12130 | Lair:1   | Killed a skyshark
 12624 | Lair:1   | Reached skill level 5 in Invocations
 12942 | Lair:2   | Found a staircase to the Snake Pit.
 12951 | Lair:2   | Reached XP level 12. HP: 126/126 MP: 14/16
 13510 | Lair:2   | Reached ***** piety under Qazlal
 13816 | Lair:3   | Reached skill level 10 in Invocations
 13842 | Lair:3   | Noticed a five-headed hydra
 13998 | Lair:3   | Reached skill level 11 in Unarmed Combat
 14192 | Lair:3   | Killed a five-headed hydra
 14258 | Lair:3   | Reached skill level 12 in Unarmed Combat
 14273 | Lair:3   | Reached XP level 13. HP: 117/133 MP: 19/19
 14651 | Lair:3   | Found a staircase to the Swamp.
 14861 | Lair:4   | Reached skill level 13 in Unarmed Combat
 15154 | Lair:4   | Found a staircase to the Slime Pits.
 15382 | Lair:4   | Identified the ring "Oluni" {+Blink MP+9}
 15629 | Lair:5   | Entered Level 5 of the Lair of Beasts
 15784 | Lair:5   | Reached skill level 14 in Unarmed Combat
 15976 | Lair:5   | Paralysed by a hornet for 3 turns
 16123 | Lair:5   | Reached skill level 15 in Unarmed Combat
 16822 | Lair:5   | Reached XP level 14. HP: 87/146 MP: 20/20
 18472 | D:11     | Found a staircase to the Orcish Mines.
 18582 | D:11     | Noticed TheBioAlchemist's ghost (journeyman FoFi)
 18610 | D:11     | Found a runed translucent gate.
 18610 | D:11     | Found a runed translucent gate.
 18610 | D:11     | Found a runed translucent gate.
 19432 | D:11     | Killed TheBioAlchemist's ghost
 19502 | D:11     | Got the ring of the Final Decision {Fire rElec SInv}
 19554 | Orc:1    | Entered Level 1 of the Orcish Mines
 19554 | Orc:1    | Noticed Gastronok
 19562 | Orc:1    | Killed Gastronok
 19562 | Orc:1    | Noticed Maurice
 19570 | Orc:1    | Killed Maurice
 19743 | Orc:1    | Reached ****** piety under Qazlal
 20171 | Orc:2    | Entered Level 2 of the Orcish Mines
 20252 | Orc:1    | Found Ireak's Antique Armour Shop.
 20577 | Orc:2    | Found a staircase to the Elven Halls.
 20987 | Orc:2    | Slain by an orc knight

Illustrated notes

Levels and vault maps discovered:
D:1:      spicycebolla_arrival_xxxplode, layout_loops_ring
D:2:      layout_loops_ring, kennysheep_generic_room_12
D:3:      layout_basic, nicolae_overflow_ecumenical_swirl
D:4:      layout_cave_pools, old_standard_altar, temple_fountains, serial_shops,
          shop, serial_bayou_lagoon_a, serial_library_hellmonk_hallway_b,
          grunt_decor_one_mirror
D:5:      layout_basic, mainiacjoe_overflow_paths, nicolae_wu_jian_wuxing_cycle,
          uniq_sigmund, uniq_pikel
D:6:      layout_cave_pools, trog_wizard, minmay_ruffians
D:7:      layout_cave_pools, kennysheep_orc_sif_temple, minmay_manual_moon
D:8:      layout_basic, mainiacjoe_overflow_alcove_1,
          makhleb_blood_cavern_becter, dpeg_oklobed_lair, serial_shops, shop,
          chequers_serial_rivers_micro_e, uniq_jeremiah, uniq_maggie,
          uniq_psyche
D:9:      layout_loops_ring, enter_bailey_8
D:10:     layout_gridville, lemuel_tele_altar, minmay_tree_intersection
D:11:     layout_loops_ring, zombieorc2_lemuel, gammafunk_ghost_icy
Temple:   nicolae_temple_god_jail
Lair:1:   layout_roguey, basic_altar
Lair:2:   layout_roguey, dummy_snake_entry, serial_bayou_shore_b
Lair:3:   layout_chaotic_city, swamp_mist_pool, st_stairs_8,
          roderic_carrion_pond, beast_lair_carwin_5, lemuel_fruit_tree
Lair:4:   layout_hall_layers, slime_entry_1
Lair:5:   guppyfry_lair_end_dragon, layout_layer_cave,
          hangedman_lair_tendril_chambers, serial_bayou_pond_a,
          patterned_corridor
Orc:1:    layout_caves, serial_shops, nicolae_shop_real_fake_doors, basic_altar,
          uniq_maurice, uniq_gastronok
Orc:2:    st_orc_pillars, layout_caves, basic_altar

Skill      XL: |  1  2  3  4  5  6  7  8  9 10 11 12 13 14 |
---------------+-------------------------------------------+-----
Unarmed Combat | 4 5 6 9 10 12 15 | 15.0
Fighting       | 6 9 10 11 13 | 13.6
Throwing       | 7 10 | 10.0
Invocations    | 6 10 | 10.0
Dodging        | |  2.4

Action                     |  1- 3 |  4- 6 |  7- 9 | 10-12 | 13-15 || total
---------------------------+-------+-------+-------+-------+-------++-------
  Melee: Unarmed           |    90 |    85 |   173 |   371 |   430 ||  1149
         Punch             |     2 |     1 |     8 |    20 |    37 ||    68
  Throw: Boomerang         |     1 |     4 |    48 |   195 |   135 ||   383
         Large rock        |     1 |     1 |     9 |    40 |    28 ||    79
         Throwing net      |       |     2 |       |     2 |     1 ||     5
         Dart              |       |     2 |     8 |    24 |    20 ||    54
 Invoke: Elemental Force   |       |       |       |     2 |     2 ||     4
         Upheaval          |       |       |       |     1 |     8 ||     9
         Disaster Area     |       |       |       |       |     1 ||     1
  Evoke: Wand              |       |     2 |       |       |       ||     2
    Use: Scroll            |     3 |     4 |     7 |    10 |     9 ||    33
         Potion            |       |       |     1 |     3 |       ||     4
   Stab: Held in net/web   |       |     2 |       |     4 |     1 ||     7
 Armour: Robe              |    62 |    68 |   139 |    74 |       ||   343
         Steam dragon scal |       |       |       |    34 |       ||    34
         Acid dragon scale |       |       |       |   132 |   311 ||   443
  Dodge: Dodged            |    46 |    45 |    75 |   125 |   182 ||   473
         Repelled          |       |       |       |     1 |     2 ||     3
  Block: Other             |       |       |     7 |    60 |   129 ||   196
